Map: Arctic Dream LE

Players

ClaytonBixbi - Winner!

  • Race: Protoss Protoss
  • League: Diamond
  • Spawn Location: 11:00

IamHoward - Winner!

  • Race: Terran Terran
  • Spawn Location: 12:00

Massa

  • Race: Terran Terran
  • Spawn Location: 5:00

qqq

  • Race: Zerg Zerg
  • Spawn Location: 6:00

VOD

Have the link to the VOD?

Description

Time

  • Played on: Jan. 26, 2021, 3:36 p.m.
  • Length: 28:38
Show
View Real Time Build Order
Export as new Build Order

ClaytonBixbi Protoss - Winner!

Build Orders: 1 Gate Expand, Carriers 

Get SALT Encoding   

  12  0:00  Probe  
  13  0:12  Probe  
  14  0:17  Pylon  
  14  0:24  Probe (Chrono Boost)  
  15  0:36  Probe (Chrono Boost)  
  15  0:39  Gateway  
  16  0:44  Probe (Chrono Boost)  
  16  0:47  Assimilator  
  17  0:51  Probe  
  18  1:03  Probe  
  19  1:15  Probe  
  20  1:24  Nexus  
  20  1:36  Cybernetics Core  
  20  1:38  Probe  
  21  1:44  Assimilator  
  21  1:51  Pylon  
  21  1:53  Probe  
  22  2:06  Probe  
  23  2:09  Adept (Chrono Boost)  
  25  2:18  Probe  
  26  2:23  Stargate  
  26  2:30  Probe, Warp Gate  
  27  2:42  Probe  
  27  2:43  Probe  
  29  2:48  Pylon  
  29  2:54  Probe  
  30  2:59  Shield Battery, Sentry  
  30  3:00  Pylon  
  30  3:02  Probe  
  33  3:06  Void Ray (Chrono Boost)  
  33  3:13  Probe  
  33  3:19  Probe  
  39  3:21  Assimilator  
  39  3:25  Probe  
  40  3:31  Probe  
  41  3:35  Assimilator  
  41  3:37  Probe, Void Ray  
  42  3:43  Probe  
  47  3:59  Probe  
  48  4:03  Probe  
  48  4:07  Pylon  
  49  4:10  Forge  
  49  4:12  Probe  
  49  4:15  Void Ray  
  49  4:17  Stargate  
  50  4:19  Pylon  
  50  4:21  Probe (Chrono Boost)  
  56  4:30  Probe (Chrono Boost)  
  56  4:31  Shield Battery  
  57  4:32  Probe (Chrono Boost)  
  57  4:37  Probe (Chrono Boost)  
  55  4:48  Zealot  
  55  4:54  Pylon  
  55  4:56  Pylon  
  53  5:06  Void Ray x2  
  60  5:19  Probe  
  61  5:26  Gateway  
  61  5:27  Gateway  
  61  5:29  Pylon  
  61  5:33  Probe  
  62  5:40  Nexus  
  62  5:44  Probe  
  62  5:46  Pylon  
  62  5:49  Void Ray  
  67  5:57  Gateway  
  67  5:58  Void Ray  
  67  5:59  Photon Cannon  
  67  6:03  Pylon  
  71  6:09  Probe  
  72  6:17  Fleet Beacon  
  72  6:19  Probe  
  72  6:22  Probe  
  74  6:29  Void Ray  
  74  6:35  Probe  
  74  6:37  Probe  
  80  6:41  Cybernetics Core  
  80  6:43  Gateway  
  80  6:45  Cybernetics Core  
  80  6:50  Probe  
  80  6:52  Probe (Chrono Boost)  
  82  6:57  Flux Vanes  
  82  7:00  Photon Cannon  
  82  7:02  Pylon  
  82  7:03  Probe (Chrono Boost)  
  85  7:09  Probe (Chrono Boost)  
  85  7:10  Probe (Chrono Boost)  
  85  7:11  Void Ray  
  85  7:12  Probe (Chrono Boost)  
  87  7:16  Probe x2 (Chrono Boost)  
  87  7:18  Assimilator  
  87  7:21  Assimilator  
  92  7:24  Probe  
  92  7:27  Probe  
  94  7:30  Protoss Air Weapons Level 1 (Chrono Boost)  
  94  7:31  Protoss Air Armor Level 1 (Chrono Boost), Robotics Facility  
  94  7:46  Carrier  
  94  7:50  Probe (Chrono Boost)  
  102  7:51  Probe (Chrono Boost)  
  103  7:58  Probe (Chrono Boost), Pylon  
  103  8:02  Probe (Chrono Boost)  
  104  8:11  Probe, Carrier  
  111  8:15  Probe x2  
  111  8:17  Stargate  
  113  8:20  Stargate  
  113  8:34  Photon Cannon  
  113  8:35  Photon Cannon  
  113  8:36  Shield Battery  
  113  8:37  Probe  
  113  8:38  Observer  
  106  8:50  Carrier (Chrono Boost)  
  100  8:55  Zealot x2  
  78  9:17  Stalker x2  
  78  9:23  Carrier (Chrono Boost)  
  81  9:24  Probe  
  82  9:39  Pylon  
  82  9:42  Probe  
  89  9:46  Carrier (Chrono Boost)  
  89  9:50  Probe, Photon Cannon  
  89  9:52  Photon Cannon  
  96  9:54  Probe x2  
  96  9:55  Shield Battery  
  96  9:57  Protoss Air Weapons Level 2 (Chrono Boost)  
  96  9:58  Protoss Air Armor Level 2 (Chrono Boost), Carrier (Chrono Boost)  
  98  10:02  Probe  
  98  10:03  Shield Battery  
  99  10:07  Probe  
  102  10:21  Stargate  
  102  10:28  Phoenix (Chrono Boost)  
  102  10:34  Phoenix (Chrono Boost)  
  104  10:36  Pylon  
  104  10:40  Probe  
  104  10:42  Probe  
  106  10:45  Pylon  
  106  10:47  Probe, Pylon  
  106  10:49  Pylon  
  92  10:50  Phoenix (Chrono Boost)  
  111  10:51  Phoenix (Chrono Boost), Pylon  
  111  10:55  Phoenix (Chrono Boost)  
  113  10:58  Probe  
  114  11:17  Pylon, Nexus  
  120  11:22  Carrier (Chrono Boost), Void Ray x2 (Chrono Boost)  
  120  11:32  Void Ray (Chrono Boost)  
  132  11:33  Observer  
  132  11:37  Probe  
  134  11:40  Shield Battery  
  134  11:43  Photon Cannon  
  134  11:55  Observer  
  134  11:57  Assimilator  
  134  11:58  Tempest, Assimilator  
  134  11:59  Tempest, Photon Cannon  
  145  12:01  Shield Battery  
  131  12:34  Probe x2  
  131  12:36  Probe, Zealot  
  146  12:37  Zealot  
  146  12:39  Carrier (Chrono Boost)  
  146  12:40  Probe, Carrier (Chrono Boost)  
  146  12:41  Carrier (Chrono Boost)  
  149  12:47  Void Ray (Chrono Boost)  
  142  12:59  Probe x2 (Chrono Boost)  
  142  13:01  Probe (Chrono Boost)  
  142  13:03  Probe (Chrono Boost)  
  141  13:20  Protoss Air Weapons Level 3 (Chrono Boost)  
  141  13:22  Void Ray (Chrono Boost)  
  139  13:27  Probe  
  139  13:31  Photon Cannon  
  139  13:32  Pylon  
  144  13:34  Void Ray x2 (Chrono Boost)  
  152  13:42  Nexus  
  152  13:46  Assimilator  
  152  13:49  Tempest  
  152  13:51  Assimilator  
  157  14:00  Protoss Air Armor Level 3  
  133  14:12  Void Ray x2  
  127  14:18  Tempest  
  130  14:31  Zealot x2  
  130  14:32  Tempest  
  117  14:48  Observer  
  117  14:50  Void Ray  
  114  14:55  Tempest, Void Ray  
  123  15:00  Zealot  
  123  15:01  Zealot  
  123  15:04  Photon Cannon  
  127  15:09  Void Ray  
  122  15:25  Pylon  
  121  15:31  Zealot x2  
  121  15:33  Carrier  
  131  15:35  Twilight Council  
  131  15:37  Void Ray  
  131  15:38  Protoss Shields Level 1, Carrier  
  131  15:40  Gateway x2  
  131  15:41  Gateway  
  137  15:43  Gateway x2  
  137  15:46  Void Ray  
  142  16:19  Charge (Chrono Boost)  
  142  16:20  Carrier  
  148  16:27  Zealot  
  148  16:29  Carrier  
  156  16:37  Carrier  
  156  16:38  Observer  
  163  16:42  Carrier  
  163  16:46  Nexus  
  169  16:51  Forge  
  169  16:54  Zealot x2, Forge  
  171  17:11  Templar Archives  
  171  17:17  Zealot x4  
  179  17:24  Carrier  
  177  17:38  Carrier  
  167  17:45  Void Ray  
  138  18:00  Stalker  
  138  18:01  Stalker x4  
  138  18:02  Stalker  
  138  18:13  Void Ray  
  138  18:14  Observer  
  143  18:20  Probe x2  
  145  18:28  Pylon  
  145  18:29  Pylon  
  145  18:31  Dark Shrine  
  143  18:38  Void Ray x3  
  155  18:56  Assimilator  
  155  19:00  Assimilator  
  155  19:07  Shield Battery  
  155  19:08  Shield Battery  
  155  19:09  Shield Battery  
  155  19:11  Shield Battery  
  155  19:12  Zealot x4  
  157  19:26  Observer, Probe  
  159  19:32  Carrier  
  159  19:36  Void Ray  
  165  19:45  Probe  
  162  20:00  Protoss Ground Armor Level 1 (Chrono Boost)  
  162  20:04  Protoss Ground Weapons Level 1 (Chrono Boost)  
  162  20:07  Protoss Shields Level 2 (Chrono Boost)  
  162  20:09  Probe  
  162  20:12  Probe  
  164  20:32  Carrier  
  170  20:40  High Templar  
  170  20:41  High Templar  
  175  20:50  Probe (Chrono Boost)  
  175  20:56  Nexus  
  175  20:58  Pylon  
  175  20:59  Pylon  
  175  21:02  Assimilator  
  171  21:07  Assimilator  
  169  21:23  Carrier x2  
  177  21:29  Stargate  
  177  21:33  Photon Cannon  
  177  21:35  Photon Cannon  
  177  21:37  Photon Cannon  
  169  21:40  Shield Battery  
  159  21:51  High Templar x3  
  159  21:52  Zealot x3  
  159  21:53  Zealot  
  159  21:55  Probe  
  160  22:02  Psionic Storm  
  160  22:05  Photon Cannon  
  160  22:06  Photon Cannon  
  160  22:08  Shield Battery  
  160  22:21  Protoss Ground Weapons Level 2 (Chrono Boost)  
  160  22:24  Protoss Ground Armor Level 2 (Chrono Boost)  
  160  22:26  Probe  
  159  22:39  Archon x2  
  139  22:46  Zealot  
  139  22:47  Zealot x4  
  139  22:51  Tempest  
  128  22:55  High Templar x2  
  128  22:57  Probe  
  133  23:05  Archon  
  133  23:10  Zealot x5  
  137  23:15  Probe  
  137  23:19  Probe  
  101  23:20  Void Ray x3  
  111  23:29  Zealot  
  113  23:51  Nexus  
  113  23:57  Dark Templar x2  
  117  24:03  Void Ray  
  117  24:04  Void Ray  
  125  24:14  Zealot  
  125  24:15  Void Ray  
  127  24:17  Observer  
  131  24:33  High Templar  
  133  24:54  Zealot x4  
  133  24:57  Nexus  
  133  24:59  Protoss Ground Weapons Level 3 (Chrono Boost)  
  141  25:01  Protoss Ground Armor Level 3 (Chrono Boost)  
  141  25:13  Assimilator  
  140  25:21  High Templar  
  140  25:22  Zealot x2  
  140  25:23  Zealot x3  
  140  25:27  Observer  
  153  25:42  Void Ray x2  
  149  25:43  Void Ray  
  149  25:45  Zealot  
  149  25:46  Zealot x5  
  149  25:49  Probe  
  153  25:59  Probe  
  145  26:05  High Templar  
  145  26:06  High Templar  
  141  26:12  Void Ray  
  145  26:27  Probe  
  145  26:32  Archon  
  146  26:34  High Templar x2  
  146  26:35  High Templar  
  146  26:36  Nexus, Zealot x2  
  155  26:48  Void Ray x2  
  155  26:55  Probe  
  155  26:56  Probe, Void Ray  
  165  27:04  Probe  
  165  27:06  Pylon  
  165  27:07  Pylon  
  170  27:09  Pylon  
  170  27:12  Assimilator  
  170  27:17  Assimilator  
  170  27:22  Zealot, Pylon  
  170  27:23  Zealot x3  
  170  27:24  Pylon  
  178  27:33  Observer  
  178  27:35  Probe  
  180  27:37  Zealot x3  
  180  27:43  Archon  
  198  28:08  Zealot  
  190  28:28  Photon Cannon  
  190  28:29  Photon Cannon  
  190  28:31  Photon Cannon  
  190  28:32  Shield Battery  
  190  28:35  Archon  
  190  28:36  Archon  
Show
View Real Time Build Order
Export as new Build Order

IamHoward Terran - Winner!

Build Orders:  

Get SALT Encoding   

  12  0:00  SCV  
  13  0:12  SCV  
  14  0:20  Supply Depot  
  14  0:24  SCV  
  15  0:34  Refinery  
  15  0:42  SCV  
  16  0:47  Barracks  
  16  0:54  SCV  
  17  1:06  SCV  
  19  1:18  SCV  
  19  1:30  SCV  
  20  1:36  Reaper  
  21  1:42  Orbital Command  
  21  1:52  Command Center  
  22  2:08  SCV  
  22  2:12  Barracks Reactor  
  22  2:19  Supply Depot  
  22  2:20  SCV  
  23  2:24  Factory  
  23  2:32  Refinery  
  23  2:41  SCV  
  24  2:49  Marine x2  
  26  2:53  SCV  
  26  2:54  Supply Depot  
  27  3:05  Orbital Command  
  27  3:07  SCV  
  27  3:09  Factory Tech Lab  
  27  3:10  Barracks  
  27  3:12  Marine x2  
  30  3:19  SCV  
  31  3:28  Supply Depot  
  31  3:31  SCV  
  31  3:32  Siege Tank  
  35  3:34  Marine  
  35  3:38  SCV  
  37  3:42  Orbital Command  
  37  3:50  SCV  
  37  3:55  Barracks  
  37  3:58  Barracks Tech Lab, Marine  
  37  3:59  Marine  
  37  4:02  SCV  
  40  4:04  Siege Tank  
  43  4:13  SCV  
  43  4:14  SCV  
  45  4:23  Marine  
  45  4:24  Marine x2  
  46  4:25  SCV  
  46  4:27  Stimpack  
  46  4:30  SCV  
  50  4:36  Siege Tank  
  50  4:37  SCV  
  54  4:41  Marine  
  54  4:42  Marine  
  56  4:48  SCV  
  56  4:49  Marine x2  
  59  4:59  Marine x2  
  61  5:11  Marine  
  61  5:12  Siege Tank  
  56  5:17  Marine x2  
  56  5:18  SCV x2  
  56  5:21  Barracks Reactor  
  52  5:23  Supply Depot  
  52  5:28  Marine  
  52  5:30  SCV x2  
  52  5:32  Refinery  
  52  5:33  Refinery  
  52  5:35  Marine x2  
  57  5:41  Supply Depot  
  58  5:42  SCV  
  58  5:43  SCV  
  58  5:44  Siege Tank  
  58  5:45  Supply Depot  
  58  5:46  Marine  
  63  5:55  SCV x2  
  65  6:07  SCV x2  
  65  6:09  Starport, Marine x2  
  65  6:10  Marine x2  
  65  6:11  Combat Shield  
  71  6:14  Engineering Bay  
  71  6:15  Engineering Bay  
  71  6:16  Siege Tank  
  74  6:20  Supply Depot  
  74  6:25  Marine  
  74  6:27  Marine x2, Supply Depot  
  74  6:28  SCV  
  74  6:29  SCV  
  74  6:31  Command Center  
  79  6:33  Supply Depot  
  79  6:34  Marine x2  
  81  6:41  SCV  
  81  6:43  Marine  
  81  6:44  SCV  
  81  6:45  Marine x2  
  86  6:49  Missile Turret  
  86  6:51  Terran Infantry Weapons Level 1  
  86  6:53  SCV  
  87  6:56  SCV, Starport Reactor  
  87  6:58  Marine x2  
  90  7:07  Refinery, SCV  
  91  7:18  Marine x3  
  91  7:21  Supply Depot, Siege Tank  
  91  7:22  SCV x2  
  99  7:27  Terran Infantry Armor Level 1  
  99  7:30  Armory  
  99  7:34  Refinery  
  99  7:36  SCV  
  100  7:39  Medivac x2  
  100  7:41  Marine, Missile Turret  
  105  7:50  SCV x2  
  105  7:51  Orbital Command  
  107  7:54  Supply Depot  
  107  7:55  Marine  
  108  8:03  SCV x2  
  110  8:09  Sensor Tower  
  74  8:21  Marine x3  
  74  8:22  Marine x2  
  74  8:23  Siege Tank  
  74  8:24  SCV x3  
  84  8:33  Supply Depot  
  84  8:36  SCV x3  
  84  8:39  Marine x2  
  84  8:41  Missile Turret  
  89  8:44  Terran Vehicle Weapons Level 1  
  89  8:48  SCV x2  
  90  8:50  Marine x2  
  90  8:51  Marine  
  90  8:55  Siege Tank  
  97  8:57  Marine  
  97  9:10  Marine  
  97  9:11  Marine x2  
  98  9:18  Marine x2  
  98  9:20  SCV  
  98  9:21  SCV x2  
  103  9:24  Medivac x2  
  103  9:27  Siege Tank  
  103  9:28  Marine x2  
  103  9:29  Factory  
  112  9:33  SCV  
  112  9:34  SCV x2  
  115  9:38  Command Center  
  115  9:40  Marine  
  115  9:43  Command Center  
  115  9:45  SCV  
  117  9:46  SCV  
  117  9:47  SCV  
  117  9:51  Marine x2  
  117  9:52  Marine x2  
  123  9:54  Medivac  
  123  9:58  Marine  
  123  9:59  Siege Tank  
  124  10:09  Marine x3, Medivac  
  124  10:10  Marine  
  125  10:15  Factory Tech Lab  
  125  10:16  Marine  
  126  10:21  Missile Turret  
  126  10:24  Medivac  
  126  10:25  Terran Infantry Armor Level 2, Terran Infantry Weapons Level 2, Missile Turret  
  126  10:27  Marine x3  
  131  10:31  SCV, Missile Turret, Siege Tank  
  131  10:32  SCV, Missile Turret  
  136  10:39  Medivac  
  136  10:41  Thor  
  136  10:42  SCV  
  145  10:43  SCV  
  145  10:44  SCV  
  145  10:48  Terran Vehicle Weapons Level 2, Missile Turret  
  147  10:54  Medivac  
  149  10:57  Orbital Command x2  
  149  10:59  SCV x2  
  149  11:02  Marine x3  
  154  11:09  Medivac  
  154  11:11  Thor  
  162  11:25  Marine x2  
  162  11:26  Marine, Thor  
  162  11:28  Missile Turret  
  162  11:29  SCV  
  162  11:30  SCV  
  173  11:47  Marine x3  
  173  11:49  SCV x2  
  178  12:09  Marine  
  179  12:15  Refinery  
  179  12:19  Orbital Command  
  179  12:31  Supply Depot  
  179  12:34  Marine x2, Thor  
  179  12:35  Supply Depot  
  187  12:39  Starport  
  187  12:52  Marine x3, Medivac, Siege Tank  
  187  12:56  Marine x2  
  187  12:57  Medivac  
  199  13:05  Terran Infantry Weapons Level 3  
  199  13:06  Terran Infantry Armor Level 3  
  199  13:10  Barracks, Marine  
  200  13:32  Terran Vehicle Weapons Level 3  
  199  13:54  Marine x2  
  199  13:55  Marine x2, Siege Tank  
  194  13:56  Siege Tank  
  194  13:58  Barracks  
  171  14:10  Marine  
  171  14:12  Marine x3  
  171  14:13  Marine  
  155  14:24  Liberator x2  
  153  14:28  Marine, Siege Tank x2  
  153  14:29  Fusion Core  
  153  14:30  Marine x2  
  168  14:32  Marine  
  168  14:33  Marine  
  149  14:45  Marine  
  149  14:48  Marine x2  
  149  14:50  Marine x2  
  147  15:02  Siege Tank  
  147  15:03  Marine, Siege Tank  
  147  15:06  Marine x2  
  152  15:08  Marine x2  
  152  15:12  Barracks Reactor  
  152  15:13  Barracks Reactor  
  148  15:19  Advanced Ballistics  
  148  15:20  Liberator x2  
  154  15:21  Marine  
  154  15:23  Starport, Marine  
  154  15:24  SCV, Marine  
  154  15:25  SCV x2  
  154  15:26  Marine x2  
  162  15:28  Refinery  
  162  15:34  Siege Tank  
  162  15:35  Siege Tank  
  168  15:38  Command Center  
  168  15:39  Marine  
  168  15:41  Marine x2  
  171  15:44  Marine x2  
  173  15:54  Starport Reactor  
  173  15:57  Marine  
  173  15:59  Marine x2  
  173  16:02  Marine x3  
  173  16:03  Liberator x2, Marine x2  
  187  16:07  Siege Tank x2  
  193  16:14  Marine  
  193  16:18  Starport Reactor  
  194  16:36  Marine x2  
  194  16:37  Marine x4  
  200  16:40  Supply Depot  
  200  16:41  Hi-Sec Auto Tracking  
  200  16:42  Terran Vehicle And Ship Armor Level 1  
  199  16:57  Command Center  
  196  17:01  Refinery x2  
  196  17:04  Supply Depot  
  195  17:13  Marine x2  
  195  17:14  Marine x3  
  197  17:24  Marine x3  
  197  17:28  Supply Depot  
  197  17:29  Marine  
  173  17:31  Marine x3  
  173  17:32  Marine x2  
  153  17:41  Marine  
  153  17:42  Marine x2, Siege Tank x2  
  162  17:46  Marine  
  162  17:51  Marine x4  
  162  17:52  Marine  
  163  17:59  Liberator, Marine x3  
  163  18:00  Liberator x4  
  163  18:04  Marine  
  173  18:09  Marine x4  
  173  18:10  Marine, Liberator  
  179  18:14  Siege Tank x2  
  179  18:17  Marine x3  
  188  18:23  Marine  
  188  18:25  Orbital Command  
  188  18:27  Marine  
  189  18:28  Missile Turret  
  189  18:31  Orbital Command  
  189  18:32  Refinery  
  190  18:42  Liberator  
  190  18:43  Liberator x2  
  190  18:46  Siege Tank x2  
  190  18:48  Missile Turret  
  198  19:06  Refinery, Marine x2  
  198  19:09  Missile Turret  
  199  19:12  Marine  
  199  19:16  Marine  
  178  19:31  Marine x2  
  178  19:32  Marine  
  178  19:37  Marine x2  
  161  19:48  Marine x3  
  158  20:00  Marine x4  
  158  20:04  Marine  
  158  20:05  Marine  
  158  20:06  Marine x2  
  162  20:09  Marine  
  154  20:18  Marine x4  
  147  20:22  Marine x2  
  147  20:24  Marine x2, Siege Tank x2  
  147  20:25  Liberator x3  
  147  20:27  SCV x2, Marine  
  163  20:29  Liberator  
  151  20:35  Marine  
  151  20:36  Marine x3  
  151  20:39  Command Center  
  151  20:40  Marine x2  
  151  20:41  Marine  
  151  20:42  Marine  
  151  20:45  Marine  
  152  20:53  Marine x3  
  152  20:54  Marine  
  152  20:56  Siege Tank  
  157  20:58  Marine x2, Siege Tank  
  157  20:59  Marine x2  
  157  21:02  Marine  
  138  21:11  Marine x4  
  138  21:16  Marine x2  
  138  21:17  Marine  
  132  21:27  Marine x2  
  132  21:28  Siege Tank  
  132  21:29  Marine x3  
  132  21:30  Siege Tank  
  142  21:41  Marine x2  
  142  21:42  Marine x2  
  142  21:43  Liberator  
  142  21:44  Starport Reactor, Liberator x2  
  142  21:45  Marine  
  154  21:54  Marine x3  
  154  21:58  Marine  
  154  21:59  Marine x4, Medivac  
  154  22:01  Siege Tank  
  154  22:02  Siege Tank  
  146  22:09  Marine  
  146  22:12  Marine x3  
  139  22:16  Marine, Command Center  
  139  22:17  Marine x3  
  143  22:26  Medivac x2  
  143  22:27  Medivac  
  149  22:33  Siege Tank  
  149  22:36  Medivac  
  153  22:55  Siege Tank  
  156  23:15  Marine  
  156  23:16  Marine x2, Medivac  
  156  23:17  Medivac x2  
  155  23:40  Medivac x2  
  156  24:12  Medivac  
  156  24:13  Marine x3, Medivac x2  
  156  24:14  Marine x2  
  149  24:52  Marine x4  
  150  24:53  Marine  
  132  25:13  Marine x4  
  114  25:27  Planetary Fortress  
  113  25:30  Refinery  
  86  26:10  Marine  
  86  26:11  Marine x7  
  86  26:12  Marine  
  80  26:28  Marine x2  
  80  26:29  Marine x4  
  85  26:39  Marine x3  
  88  26:40  Siege Tank x2  
  88  26:46  Refinery, Marine  
  95  26:48  Marine  
  95  26:49  Marine x4  
  100  26:57  Marine x3  
  103  27:04  Marine  
  103  27:12  Siege Tank  
  106  27:23  Orbital Command  
  100  27:41  Marine x5  
Show
View Real Time Build Order
Export as new Build Order

Massa Terran 

Build Orders:  

Get SALT Encoding   

  12  0:00  SCV  
  13  0:12  SCV  
  14  0:17  Supply Depot  
  14  0:24  SCV  
  15  0:40  Barracks  
  15  0:43  Refinery  
  15  0:44  SCV  
  16  0:53  Supply Depot  
  16  0:56  SCV  
  17  1:08  SCV  
  18  1:21  SCV  
  19  1:28  Barracks  
  19  1:33  Marine  
  20  1:41  Orbital Command  
  20  1:49  Barracks  
  20  1:52  Barracks Tech Lab  
  20  2:09  SCV  
  20  2:12  Marine  
  22  2:20  Stimpack  
  22  2:21  Marine  
  23  2:26  Supply Depot  
  23  2:37  Marauder  
  25  2:53  Marine x2  
  25  2:58  Marauder  
  29  3:00  Supply Depot  
  29  3:11  Marine x2  
  31  3:19  Marauder  
  33  3:29  Marine x2  
  33  3:33  Command Center  
  35  3:41  SCV, Marauder  
  38  3:44  Supply Depot  
  38  3:47  Marine x2  
  40  3:57  SCV  
  40  4:02  Marauder  
  43  4:04  Marine x2, Combat Shield  
  43  4:09  SCV  
  46  4:19  Engineering Bay  
  46  4:22  Factory, Marine x2  
  48  4:30  Supply Depot  
  48  4:36  Marauder  
  38  5:08  Marine x2  
  38  5:09  Marauder  
  35  5:16  Factory Reactor  
  35  5:18  Factory Tech Lab  
  35  5:20  Terran Infantry Weapons Level 1  
  31  5:21  SCV  
  31  5:24  Orbital Command  
  31  5:25  Marine  
  31  5:26  Marine  
  34  5:30  Marauder  
  36  5:39  Missile Turret  
  36  5:43  Marine  
  36  5:44  Refinery  
  36  5:46  Refinery, SCV  
  36  5:48  Refinery  
  38  5:54  Marine x2  
  40  5:58  SCV  
  40  6:01  Marine  
  40  6:03  Cyclone  
  45  6:05  SCV  
  45  6:10  SCV  
  48  6:18  SCV  
  48  6:21  Barracks Reactor  
  48  6:22  Barracks Reactor  
  48  6:23  SCV  
  49  6:30  SCV  
  49  6:32  Starport  
  50  6:35  SCV, Marine  
  50  6:37  Concussive Shells  
  52  6:42  Widow Mine, SCV  
  55  6:47  SCV  
  55  6:51  Missile Turret  
  56  6:54  SCV  
  56  6:59  SCV  
  58  7:02  Marine x5  
  58  7:04  Siege Tank  
  66  7:09  Medivac  
  66  7:11  SCV  
  66  7:12  SCV  
  70  7:20  Marine x3  
  70  7:22  Supply Depot  
  73  7:24  SCV x2  
  73  7:27  Supply Depot  
  73  7:29  Supply Depot  
  75  7:31  Marine  
  75  7:32  Marauder  
  78  7:43  Marine x2  
  80  7:49  Command Center  
  80  7:55  SCV x2  
  77  8:24  Marine  
  77  8:25  Marauder, Marine x3  
  77  8:26  Siege Tank  
  86  8:29  Medivac  
  88  8:42  Marine  
  88  8:46  Marauder  
  88  8:59  Medivac  
  87  9:06  Marine  
  87  9:07  Marauder, Marine x3  
  64  9:21  Orbital Command  
  64  9:23  SCV x2  
  66  9:24  Marine x2  
  66  9:25  Marine  
  66  9:29  Marauder, Medivac  
  73  9:32  Barracks  
  73  9:33  Barracks  
  73  9:34  Siege Tank  
  73  9:35  SCV x2  
  78  9:41  Terran Infantry Armor Level 1  
  78  9:46  Armory  
  78  9:47  SCV x2  
  78  9:49  SCV, Engineering Bay  
  78  9:50  Marauder  
  83  9:59  SCV x2, Starport Reactor  
  85  10:01  SCV  
  85  10:06  Supply Depot  
  86  10:09  Supply Depot  
  86  10:11  SCV x2, Marine x2, Supply Depot  
  86  10:12  Marauder, Marine x2  
  86  10:13  SCV  
  95  10:14  Siege Tank  
  95  10:20  Refinery  
  98  10:23  SCV x2  
  98  10:24  Refinery  
  98  10:25  Barracks Reactor, SCV, Barracks Tech Lab  
  101  10:29  Marine x4  
  101  10:32  Terran Infantry Weapons Level 2  
  101  10:33  Terran Vehicle Weapons Level 1  
  106  10:35  SCV  
  106  10:36  SCV  
  106  10:37  SCV  
  108  10:47  SCV  
  108  10:48  SCV  
  110  10:51  Command Center  
  110  10:57  Sensor Tower  
  110  11:01  Sensor Tower  
  110  11:06  SCV x2  
  110  11:07  SCV  
  113  11:18  SCV x2, Factory  
  113  11:21  Thor  
  113  11:24  Marauder x2  
  125  11:30  Medivac x2  
  129  11:34  Terran Infantry Armor Level 2  
  129  11:36  Smart Servos  
  129  11:45  Marauder x2  
  133  11:47  Factory  
  133  11:48  Factory  
  133  12:00  Medivac x2  
  137  12:02  Planetary Fortress  
  137  12:07  Marauder x2  
  141  12:13  Marine x6, Missile Turret  
  147  12:16  Missile Turret  
  147  12:28  Marauder, Marine  
  147  12:29  Factory Tech Lab  
  148  12:30  Marine  
  148  12:31  Factory Tech Lab, Marine x3  
  148  12:33  Factory Tech Lab  
  152  12:37  Missile Turret  
  152  12:46  Marauder  
  152  12:47  Supply Depot  
  152  12:48  Medivac, Supply Depot x3  
  156  12:55  Drilling Claws  
  156  13:09  Marauder x2, Medivac, Thor  
  156  13:12  Supply Depot  
  163  13:13  Supply Depot  
  163  13:14  Supply Depot  
  163  13:16  Supply Depot  
  163  13:18  Medivac  
  165  13:22  Marine  
  165  13:23  Marine x4  
  165  13:24  Siege Tank  
  165  13:25  Siege Tank x2  
  179  13:30  Marauder  
  179  13:33  SCV x4  
  185  13:36  Supply Depot  
  185  13:39  Medivac  
  185  13:40  Supply Depot  
  187  13:42  Command Center  
  187  13:45  SCV x4  
  191  13:52  Widow Mine  
  193  13:57  Widow Mine x3, SCV  
  184  14:13  Widow Mine  
  176  14:18  Widow Mine x2  
  176  14:21  Marauder x2, Marine x4  
  176  14:22  Marine  
  181  14:38  Marine  
  165  14:39  Marine x4  
  165  14:42  Marauder x2  
  148  14:57  Marine x6  
  148  14:59  Siege Tank  
  144  15:00  Siege Tank x3  
  144  15:04  Marauder x2  
  157  15:14  Planetary Fortress  
  157  15:15  Marine x4  
  157  15:16  SCV x4  
  165  15:25  Marauder x2  
  165  15:28  SCV x2  
  171  15:31  Thor  
  171  15:32  Widow Mine, Thor x2  
  171  15:35  Marine  
  191  15:36  Marine x3  
  195  15:44  Factory  
  195  15:46  Marauder  
  195  15:47  Marauder  
  192  16:08  Marauder  
  186  16:14  Thor  
  186  16:15  Widow Mine x2  
  196  16:24  Refinery  
  196  16:25  Refinery  
  196  16:26  Command Center  
  196  16:32  Missile Turret  
  196  16:33  Sensor Tower  
  196  16:36  Terran Infantry Weapons Level 3  
  196  16:37  Terran Vehicle Weapons Level 2, Terran Infantry Armor Level 3  
  196  16:44  Armory  
  196  16:49  Refinery  
  196  16:50  Refinery  
  196  16:53  Missile Turret  
  195  17:14  Missile Turret, Medivac x2  
  174  17:35  Marauder x2, Marine  
  174  17:36  Factory Reactor, Missile Turret  
  172  17:37  Thor x4  
  196  17:56  Marauder x2  
  145  18:07  Marine x6  
  145  18:10  Medivac x2  
  139  18:14  Widow Mine  
  139  18:15  Widow Mine  
  139  18:17  Marauder  
  139  18:18  Marauder  
  141  18:20  Thor  
  141  18:21  Widow Mine x3  
  141  18:23  Planetary Fortress  
  141  18:24  Refinery  
  141  18:25  Refinery, Marine x4  
  157  18:33  Marine  
  158  18:34  Marine  
  158  18:39  Marauder x2  
  158  18:40  Medivac x2  
  167  18:41  Barracks  
  167  18:42  Barracks x2, Marine  
  167  18:43  Marine x3  
  171  18:51  Marine  
  171  18:52  Marine  
  173  18:56  Thor x2  
  173  18:57  Widow Mine x3  
  173  19:00  Marauder, Marine  
  173  19:01  Marauder, Marine x3  
  198  19:10  Medivac  
  199  19:22  Marauder  
  160  19:43  Marauder  
  162  19:49  Barracks Tech Lab, Marauder  
  162  19:50  Barracks Reactor, Marine x7  
  165  19:57  Command Center  
  160  20:02  Missile Turret  
  160  20:04  Marauder  
  138  20:07  Marine  
  138  20:08  Marine x6  
  138  20:10  Marauder  
  138  20:13  Thor x4  
  173  20:14  Widow Mine x2  
  173  20:23  Marauder  
  173  20:25  Marine  
  173  20:26  Marauder, Marine x6  
  184  20:31  Marauder  
  190  20:35  Widow Mine x2  
  190  20:43  Marine  
  190  20:44  Marauder, Marine  
  190  20:47  Marauder  
  196  20:53  Marauder  
  198  20:58  Marine x4  
  198  20:59  Marine  
  200  21:08  Marauder  
  197  21:14  Marauder  
  194  21:20  Widow Mine x2  
  193  21:31  Hi-Sec Auto Tracking, Neosteel Armor  
  193  21:32  Terran Vehicle Weapons Level 3  
  193  21:33  Terran Vehicle And Ship Armor Level 1  
  193  21:42  Widow Mine x2  
  197  21:51  Planetary Fortress  
  193  22:26  Thor  
  194  22:39  Thor  
  194  22:42  Refinery  
  176  23:15  Marauder x3, Marine  
  149  23:21  Marine x5  
  149  23:22  Marine x3, Thor x2  
  149  23:23  Widow Mine  
  149  23:24  Widow Mine x3  
  125  23:33  Marine  
  126  23:36  Marauder x2  
  126  23:37  Marauder  
  126  23:39  Marine x4  
  136  23:45  Widow Mine x3  
  140  23:58  Marauder x3  
  146  24:14  Medivac  
  146  24:15  Medivac  
  140  24:55  Thor x4  
  154  25:29  Marauder, Marine  
  154  25:30  Marine x10  
  167  25:37  Thor  
  167  25:38  Thor  
  185  25:47  Marine  
  185  25:48  Marine x10  
  191  25:50  Marine  
  115  26:05  Marine x4, Medivac x2  
  115  26:06  Marine x7  
  115  26:08  Marine  
  119  26:20  Siege Tank  
  119  26:21  Siege Tank  
  119  26:23  Marine x11  
  120  26:26  Marine  
  120  26:28  Widow Mine x2  
  125  26:35  Medivac x2  
  129  26:40  Marine  
  129  26:41  Marine x5  
  129  26:42  Marauder x2  
  129  26:44  Marauder  
  141  26:50  Widow Mine x2  
  141  26:52  Thor  
  157  27:03  Marauder x2  
  157  27:05  Marine, Medivac x2  
  157  27:06  Marauder, Marine x8  
  176  27:11  Widow Mine  
  172  27:23  Marine x6  
  172  27:24  Marine x5  
  172  27:26  Marine  
  154  27:35  Thor  
  154  27:36  Widow Mine x2  
  154  27:41  Marine x9  
  154  27:42  Marine x2  
  165  27:44  Marine  
  165  27:46  Factory Tech Lab  
  166  27:56  Medivac x2  
  166  27:57  Widow Mine x2  
  174  27:58  Marine  
  174  27:59  Marine x8  
  174  28:00  Marine x2  
  174  28:02  Marine  
  186  28:16  Marine  
  186  28:17  Marine x4  
Show
View Real Time Build Order
Export as new Build Order

qqq Zerg 

Build Orders: Hatch First 

Get SALT Encoding   

  12  0:01  Drone  
  13  0:10  Drone  
  14  0:21  Overlord  
  14  0:45  Hatchery  
  14  0:49  Drone  
  14  0:53  Drone  
  15  0:57  Drone  
  16  1:17  Extractor, Spawning Pool  
  14  1:24  Drone  
  14  1:25  Drone  
  16  1:26  Extractor  
  16  1:34  Drone  
  16  1:39  Drone  
  18  1:48  Drone  
  19  1:57  Drone  
  20  2:05  Queen x2  
  24  2:08  Drone  
  25  2:16  Overlord  
  25  2:22  Metabolic Boost  
  25  2:26  Drone  
  25  2:29  Drone  
  27  2:36  Zergling x2  
  28  2:38  Overlord  
  28  2:41  Drone  
  29  2:44  Drone  
  29  2:48  Zergling x2  
  29  2:50  Zergling x2  
  32  2:52  Zergling x2  
  33  3:12  Zergling x2  
  34  3:13  Zergling x4  
  34  3:18  Zergling x4, Overlord x2  
  38  3:21  Zergling x4  
  38  3:23  Zergling x2  
  41  3:27  Zergling x2  
  41  3:29  Zergling x2  
  43  3:41  Zergling x2  
  43  3:42  Zergling x2  
  43  3:46  Lair  
  43  3:47  Evolution Chamber  
  43  3:48  Zergling x2  
  45  3:51  Drone  
  46  3:58  Zergling x2  
  46  3:59  Zergling x4  
  46  4:01  Drone  
  50  4:06  Zergling x4  
  51  4:12  Zergling x2  
  51  4:13  Drone  
  53  4:17  Zerg Melee Weapons Level 1  
  53  4:25  Drone x2  
  55  4:33  Zergling x2  
  56  4:48  Hatchery  
  55  4:59  Zergling x8  
  57  5:00  Zergling x6  
  45  5:14  Zergling x2  
  45  5:15  Zergling x8  
  48  5:25  Drone x3, Spire  
  48  5:27  Drone x3  
  48  5:28  Extractor  
  52  5:32  Drone  
  52  5:39  Drone  
  53  5:43  Zergling x2  
  51  6:01  Extractor  
  51  6:02  Extractor, Drone x3  
  50  6:04  Drone x2  
  50  6:05  Drone x2  
  54  6:14  Drone x2  
  54  6:17  Overlord  
  56  6:20  Queen  
  56  6:22  Drone  
  59  6:27  Overlord  
  59  6:28  Drone  
  60  6:36  Mutalisk x2  
  60  6:37  Mutalisk  
  60  6:39  Mutalisk  
  68  6:42  Drone  
  68  6:43  Drone, Hatchery  
  69  6:51  Drone x2  
  69  6:52  Drone  
  72  6:57  Zerg Flyer Weapons Level 1  
  72  6:59  Overlord  
  72  7:00  Overlord  
  73  7:01  Drone x2  
  73  7:03  Extractor  
  73  7:05  Extractor  
  73  7:06  Mutalisk  
  74  7:08  Drone  
  74  7:09  Drone  
  74  7:13  Drone  
  74  7:15  Mutalisk  
  79  7:17  Drone  
  79  7:18  Drone  
  79  7:20  Drone  
  82  7:31  Mutalisk x2  
  82  7:34  Drone  
  82  7:36  Mutalisk  
  89  7:41  Drone  
  89  7:43  Mutalisk  
  92  7:44  Overlord x2  
  92  7:47  Overlord  
  92  8:00  Mutalisk x2  
  92  8:01  Mutalisk  
  92  8:03  Drone x2  
  92  8:04  Drone  
  93  8:23  Mutalisk x3  
  93  8:25  Drone x4  
  103  8:32  Mutalisk x2  
  103  8:34  Drone  
  102  8:58  Mutalisk x3  
  102  8:59  Mutalisk  
  102  9:00  Drone x2  
  112  9:16  Hatchery  
  110  9:23  Hatchery, Corruptor x2  
  110  9:24  Corruptor x2  
  108  9:25  Drone x2  
  108  9:26  Drone  
  112  9:39  Drone  
  112  9:44  Zerg Flyer Weapons Level 2  
  113  9:49  Infestation Pit  
  104  10:20  Corruptor x2  
  104  10:21  Corruptor x3  
  112  10:31  Mutalisk, Corruptor  
  112  10:33  Drone  
  115  10:36  Hatchery  
  114  10:42  Hive  
  114  10:48  Drone x3  
  117  11:01  Drone x3, Mutalisk x2  
  117  11:02  Corruptor  
  126  11:06  Extractor  
  126  11:10  Extractor  
  124  11:12  Spine Crawler, Spire, Spore Crawler  
  124  11:14  Drone x2  
  124  11:18  Corruptor  
  125  11:22  Overlord x4  
  125  11:23  Drone x2  
  127  11:35  Drone x2  
  127  11:38  Corruptor x2  
  127  11:39  Corruptor  
  133  11:40  Overlord x4  
  135  11:56  Viper  
  135  11:59  Viper  
  135  12:01  Zerg Flyer Armor Level 1  
  141  12:11  Viper  
  128  12:33  Corruptor, Viper  
  119  12:58  Corruptor x4  
  121  13:22  Mutalisk x4  
  121  13:24  Zergling x12  
  121  13:25  Zergling x8  
  121  13:26  Drone x7  
  121  13:27  Drone  
  147  13:31  Spine Crawler x2  
  147  13:32  Spore Crawler  
  147  13:33  Spine Crawler  
  143  13:34  Corruptor x2  
  143  13:36  Drone  
  96  14:04  Corruptor x3  
  96  14:05  Corruptor x2  
  101  14:13  Corruptor  
  101  14:14  Corruptor  
  101  14:15  Zergling x10  
  101  14:16  Drone x3  
  101  14:17  Drone x2  
  109  14:18  Extractor  
  109  14:20  Extractor  
  109  14:21  Extractor  
  109  14:23  Extractor  
  103  14:24  Corruptor  
  103  14:29  Hatchery  
  102  14:39  Zerg Flyer Armor Level 2  
  94  14:46  Corruptor  
  88  15:13  Drone x6  
  93  15:16  Viper  
  93  15:18  Zerg Flyer Weapons Level 3  
  93  15:20  Viper  
  99  15:30  Drone x2  
  99  15:31  Corruptor  
  103  15:46  Drone x4  
  103  15:48  Drone  
  108  15:55  Drone, Corruptor x4  
  108  15:56  Corruptor  
  119  16:00  Corruptor  
  121  16:06  Zergling x6  
  121  16:07  Drone x5  
  129  16:17  Spine Crawler, Spore Crawler  
  129  16:18  Drone x2, Spine Crawler  
  127  16:19  Drone  
  129  16:32  Drone x2  
  131  16:33  Drone, Viper x3  
  131  16:34  Corruptor x2  
  131  16:35  Corruptor  
  131  16:37  Zergling x6  
  150  16:43  Drone x3  
  153  16:52  Extractor  
  153  16:53  Extractor  
  151  16:54  Spine Crawler x2  
  151  16:56  Spine Crawler  
  151  16:58  Spine Crawler  
  151  16:59  Spine Crawler x3, Spore Crawler  
  142  17:03  Zergling x12  
  143  17:09  Drone x4  
  117  17:52  Viper x4  
  117  17:53  Zergling x10  
  123  17:59  Drone x5  
  123  18:00  Drone  
  123  18:05  Mutalisk x3  
  117  18:14  Drone x2  
  117  18:15  Mutalisk  
  117  18:16  Mutalisk x2  
  123  18:28  Mutalisk x2  
  123  18:29  Mutalisk  
  128  18:38  Mutalisk x3  
  128  18:40  Drone x4  
  138  18:50  Drone x2  
  138  18:51  Mutalisk x3  
  138  18:55  Greater Spire  
  146  18:57  Zerg Flyer Armor Level 3  
  146  19:00  Drone x2  
  147  19:03  Corruptor x5  
  135  19:18  Corruptor  
  135  19:19  Corruptor x2  
  133  19:27  Drone x3  
  136  19:32  Hatchery  
  136  19:33  Corruptor  
  136  19:34  Corruptor x2  
  136  19:36  Zergling x4  
  136  19:37  Zergling x6  
  140  19:45  Corruptor x2  
  140  19:47  Drone  
  140  19:51  Corruptor  
  120  20:17  Corruptor x3  
  103  20:33  Corruptor x2  
  103  20:35  Zergling x8  
  99  20:36  Zergling x12  
  104  21:00  Viper  
  71  22:21  Hatchery  
  70  22:25  Hatchery  
  69  22:32  Hatchery  
  61  23:27  Zergling x2  
  61  23:28  Zergling x16  
  61  23:29  Zergling x2  
  69  23:43  Drone  
  71  23:52  Spine Crawler  
  70  24:07  Drone x2  
  72  24:16  Overseer  
  69  25:10  Hatchery  
  67  25:36  Zergling x4  
  43  26:37  Extractor  
  42  26:42  Extractor  
  36  27:01  Spawning Pool  
  35  27:09  Queen  
  37  27:47  Hatchery  
  36  28:06  Zergling x4  
  29  28:26  Spine Crawler x3  
  26  28:27  Spore Crawler  
Tags
 
Add a new tag
Caveats
  • Supply blocks, unpowered buildings, or Contaminate may cause inaccurate times.
  • Supply counts are checked every 10 seconds.